 Dungeon Crawl Stone Soup version 0.17-a0-737-gf0a300a (webtiles) character file.

9 Ololoev the Bolt Thrower (level 2, -4/16 HPs)
             Began as a Kobold Arcane Marksman on Apr 21, 2015.
             Slain by a kobold
             ... wielding a +0 short sword
              (6 damage)
             ... on level 1 of the Dungeon.
             The game lasted 00:02:06 (592 turns).

Ololoev the Bolt Thrower (Kobold Arcane Marksman)    Turns: 592, Time: 00:02:07

Health: -4/16      AC:  2    Str:  9    XL:     2   Next: 25%
Magic:  3/3        EV: 15    Int: 13    God:
Gold:   3          SH:  0    Dex: 15    Spells: 1 memorised, 2 levels left

rFire  . . .     SeeInvis .     b - +0 hand crossbow
rCold  . . .     Clarity  .     a - +0 robe
rNeg   . . .     SustAb   .     (shield restricted)
rPois  .         Gourm    .     (no helmet)
rElec  .         Spirit   .     (no cloak)
rCorr  .         Warding  .     (no gloves)
rMut   .         Stasis   .     (no boots)
MR     .....                    (no amulet)
Stlth  +.........               (no ring)
                                h - +2 ring of intelligence

@: not resistant to hostile enchantments, very unstealthy
A: carnivore 3
a: no special abilities


Innate Abilities, Weirdness & Mutations

You are small and have problems with some larger weapons.
You are carnivorous and can eat meat at any time.

Inventory:

Hand weapons
 b - a +0 hand crossbow (weapon)
 g - a +0 dagger
Missiles
 c - 15 bolts (quivered)
Armour
 a - a +0 robe (worn)
Jewellery
 h - a +2 ring of intelligence (left hand)
Scrolls
 f - a scroll of teleportation {unknown}
Books
 d - a book of Debilitation

   Spells                             Type                      Level
   a - Corona                         Hexes                        1
   b - Slow                           Hexes                        2
   c - Gell's Gravitas                Hexes/Translocation          3
   d - Inner Flame                    Hexes/Fire                   3
   e - Cause Fear                     Hexes                        4
   f - Leda's Liquefaction            Hexes/Earth                  4
Comestibles
 e - a meat ration


   Skills:
 - Level 1.1 Fighting
 * Level 0.3 Short Blades
 + Level 3.3 Crossbows
 - Level 2.4 Dodging
 - Level 1.0 Spellcasting
 - Level 3.0 Hexes


You had 2 spell levels left.
You knew the following spells:

 Your Spells              Type           Power        Failure   Level  Hunger
a - Corona                Hex            #......      10%         1    ##.....


You were on level 1 of the Dungeon.
You were not hungry.

You visited 1 branch of the dungeon, and saw 1 of its levels.

You collected 3 gold pieces.

#.......#
#.......##
#.....#..#
####........#
#.#..........%#
............>#
...#...#..##.#
....#.<..K#.#
...........#@#.#
......#####.#.#
......#....(..#
##... #.#######
#######.....#
#.....#...#.#
#.###.#.#.#.#
#.# #.#.#.#.#
#.# #.....#.#

Notes
Turn   | Place    | Note
--------------------------------------------------------------
     0 | D:1      | Ololoev, the Kobold Arcane Marksman, began the quest for the Orb.
     0 | D:1      | Reached XP level 1. HP: 12/12 MP: 2/2
   181 | D:1      | Reached XP level 2. HP: 2/16 MP: 3/3
   592 | D:1      | Slain by a kobold

Dungeon Overview and Level Annotations

Branches:
Dungeon (1/15)

Altars:


Message History

You are too injured to fight recklessly!
You are too injured to fight recklessly!
You are too injured to fight recklessly!
You barely miss the kobold.
The kobold is moderately wounded.
The kobold hits you but does no damage.
You barely miss the kobold.
The kobold is moderately wounded.
The kobold closely misses you.
You hit the kobold but do no damage.
The kobold is moderately wounded.
The kobold hits you with a short sword.
You barely miss the kobold.
The kobold is moderately wounded.
The kobold hits you with a short sword.
You see here 2 stones.
You are now empty-handed.
Firing (i - inventory): No suitable missiles.
Press: ? - help, Shift-Dir - straight line, f - kobold
Aim: a kobold, wielding a short sword (moderately wounded)
Okay, then.
Wield which item (- for none, * to show all)? (? for menu, Esc to quit)
b - a +0 hand crossbow (weapon)
The kobold misses you.
Firing (i - inventory):
c - 18 bolts (quivered)
Press: ? - help, Shift-Dir - straight line, f - kobold
Aim: a kobold, wielding a short sword (moderately wounded)
You shoot a bolt. The bolt barely misses the kobold.
The kobold barely misses you.
Firing (i - inventory):
c - 17 bolts (quivered)
Press: ? - help, Shift-Dir - straight line, f/p - kobold
Aim: a kobold, wielding a short sword (moderately wounded)
You shoot a bolt. The bolt closely misses the kobold.
The kobold barely misses you.
Firing (i - inventory):
c - 16 bolts (quivered)
Press: ? - help, Shift-Dir - straight line, f/p - kobold
Aim: a kobold, wielding a short sword (moderately wounded)
You shoot a bolt. The bolt barely misses the kobold.
The kobold hits you with a short sword. x2
You die...

You could see a kobold.

Vanquished Creatures
  A bat (D:1)
  A giant cockroach (D:1)
  2 jackals (D:1)
  A ball python (D:1)
  A giant newt (D:1)
  2 goblins (D:1)
  A kobold (D:1)
  A rat (D:1)
10 creatures vanquished.

Action                   || total
-------------------------++-------
Melee: Unarmed           ||    11
       Dagger            ||    13
 Fire: Hand crossbow     ||    19

Vault maps used:
D:1:      dpeg_arrival_tiny_a, hex_medium
